 Dungeon Crawl Stone Soup version 0.22-a0-417-g1387785 (webtiles) character file.

13734 Borgoz the Cleaver (level 12, 0/75 HPs)
             Began as a Gargoyle Abyssal Knight on May 14, 2018.
             Was an Elder of Lugonu.
             Slain by a minotaur
             ... wielding a +1 hand axe of chopping
              (3 damage)
             ... in a labyrinth.
             The game lasted 00:42:44 (12555 turns).

Borgoz the Cleaver (Gargoyle Abyssal Knight)       Turns: 12555, Time: 00:42:45

Health: 0/75       AC: 26    Str: 23    XL:     12   Next: 9%
Magic:  0/17       EV: 16    Int: 12    God:    Lugonu [****..]
Gold:   638        SH:  8    Dex: 13    Spells: 11/11 levels left

rFire    + + +     SeeInvis .   a - +2 hand axe
rCold    + + .     Gourm    .   d - +3 buckler {rC+ rF+}
rNeg     + . .     Faith    .   h - +3 ring mail {rF+}
rPois    ∞         Spirit   +   u - +2 helmet
rElec    +         Reflect  .   A - scarf {rC+ rF+}
rCorr    +         Harm     .   (no gloves)
MR       .....                  (no boots)
Stlth    +.........             t - amulet of guardian spirit
HPRegen  0.22/turn              v - +4 ring of protection
MPRegen  0.15/turn              D - ring of resist corrosion

@: mighty, very slightly contaminated, invisible
A: negative energy resistance 1, electricity resistance, unbreathing,
petrification resistance, rot immunity, AC +8
a: Depart the Abyss, Bend Space, Banish, Corrupt, Renounce Religion


You were in a labyrinth.
You worshipped Lugonu.
Lugonu was greatly pleased with you.
You were not hungry.

You visited 3 branches of the dungeon, and saw 13 of its levels.
You visited the Abyss 1 time.
You also visited: Labyrinth and Bailey.

You collected 778 gold pieces.
You spent 140 gold pieces at shops.

Inventory:

Hand Weapons
 a - a +2 hand axe (weapon)
 b - a +2 flail of protection
Missiles
 B - a throwing net (quivered)
Armour
 d - a +3 buckler of resistance (worn)
 h - a +3 ring mail of fire resistance (worn)
 u - a +2 helmet (worn)
 A - a scarf of resistance (worn)
Jewellery
 t - an amulet of guardian spirit (around neck)
 v - a +4 ring of protection (left hand)
 D - a ring of resist corrosion (right hand)
 N - an uncursed amulet of regeneration
Wands
 k - a wand of clouds (6)
 l - a wand of flame (36)
 o - a wand of digging (2)
 y - a wand of disintegration (4)
 H - a wand of iceblast (14)
Scrolls
 e - 5 scrolls of remove curse
 f - a scroll of holy word {unknown}
 g - 3 scrolls of teleportation
 i - 2 scrolls of blinking
 n - a scroll of fog
 p - a scroll of fear
 s - 4 scrolls of enchant weapon
 C - a scroll of identify
Potions
 j - 2 potions of lignification
 q - 2 potions of might
 w - 2 potions of resistance
 x - a potion of mutation
 F - a potion of flight
 G - 2 potions of agility
 I - a potion of magic
 J - a potion of haste
 M - 3 potions of curing
Comestibles
 c - 10 rations


   Skills:
 + Level 8.5 Fighting
 * Level 9.4 Axes
 + Level 8.1 Armour
 * Level 8.5 Dodging
 - Level 4.6 Shields
 + Level 7.9 Invocations


You had 11 spell levels left.
You didn't know any spells.
Your spell library contained the following spells:

 Spells                   Type           Power        Failure   Level  Hunger
 Summon Small Mammal      Summ           #...         43%         1    ##.....
 Summon Ice Beast         Ice/Summ       #.......     99%         4    #####..
 Call Imp                 Summ           #.......     58%         2    ###....
 Stone Arrow              Conj/Erth      #.....       82%         3    ####...
 Passwall                 Tmut/Erth      #.........   58%         2    ###....
 Call Canine Familiar     Summ           #.......     82%         3    ####...
 Lee's Rapid Deconstruct  Erth           #.........   100%        5    ######.
 Sandblast                Erth           #.....       43%         1    ##.....
 Petrify                  Tmut/Erth      #.......     99%         4    #####..
 Summon Lightning Spire   Summ/Air       #.......     99%         4    #####..
 Summon Guardian Golem    Hex/Summ       #.......     82%         3    ####...


Dungeon Overview and Level Annotations

Branches:
Dungeon (9/15)             Temple (1/1) D:7            Lair (3/6) D:8
  Swamp: Lair:2-4    Shoals: Lair:2-4     Snake: Lair:2-4    Spider: Lair:2-4
    Orc: D:9-12

Altars:
Ashenzari
Cheibriados
Dithmenos
Fedhas
Gozag
Hepliaklqana
Kikubaaqudgha
Makhleb
Nemelex Xobeh
Okawaru
Qazlal
Ru
Sif Muna
Trog
Uskayaw
Vehumet
Xom
Yredelemnul
Zin
The Shining One

Shops:
D:7 }   D:9 (!(?


Innate Abilities, Weirdness & Mutations

You are resistant to torment.
Your stone body is resilient. (AC +8)
You are immune to poison.
You resist negative energy. (rN+)
You are resistant to electric shocks. (rElec)
You can survive without breathing.
You are immune to petrification.
You are immune to rotting.


Message History

* * * LOW HITPOINT WARNING * * *
x2 You block the minotaur's attack.
You are very lightly contaminated with residual magic.
You block the minotaur's attack. The minotaur barely misses you.
You see here a javelin.
You hit the minotaur.
The minotaur is heavily wounded.
You slash the minotaur!
The minotaur is severely wounded.
The minotaur barely misses you. You block the minotaur's attack.
You hit the minotaur but do no damage.
The minotaur is severely wounded.
You block the minotaur's attack.
The minotaur gores you but does no damage.
You barely miss the minotaur.
The minotaur is severely wounded.
The minotaur hits you with a hand axe of chopping!
* * * LOW HITPOINT WARNING * * *
x2 The minotaur gores you.
You die...

#.. ... #
## # ##
..# #.## #
#. . # . .
. #..# #.
# # #
##### . .
# # #
.#.....#
#.## #
...## #(#
# . #.
.#...#H#
#. # #.#..
.#.#@# ...
# #.#..#
#...# #
#.. #.. .#
#.#.# # #
. . ##
.#.#.....
#
..#.######
#. # ... .
... .. #..
#.# .. . .
. . . # #
#.# ###. #
. # .. . #
. .


You could see a minotaur.

Vanquished Creatures
  A deep elf archer (Bailey)
  10 deep elf magi (Bailey)
  An elephant (D:8)
  A spiny frog (Lair:2)
  A troll (D:9)
  Grinder (D:4)
  A blink frog (Lair:2)
  3 hippogriffs
  8 yaks
  A spriggan (D:8)
  2 basilisks
  2 hungry ghosts
  4 water moccasins
  Duvessa (D:4)
  A porcupine (Lair:1)
  A swamp drake (D:8)
  3 orc warriors
  2 black bears
  An ice beast (D:9)
  2 necrophages (D:9)
  5 ogres
  2 phantoms (D:5)
  A wolf (Lair:2)
  8 crocodiles
  5 bullfrogs
  A gnoll sergeant (D:4)
  Dowan (D:4)
  A wyvern skeleton (D:7)
  2 scorpions
  A wight (D:9)
  An electric eel (D:8)
  2 howler monkeys (D:8)
  2 bullfrog zombies
  3 crimson imps
  A jelly (D:2)
  14 orc wizards
  Crazy Yiuf (D:7)
  5 orc priests
  2 bullfrog skeletons
  A centaur skeleton (D:8)
  Terence (D:2)
  3 iguanas
  7 worker ants
  2 hound zombies (D:6)
  Robin (D:4)
  2 worker ant zombies
  10 gnolls
  6 adders
  5 shadow imps
  3 oozes
  An adder zombie (D:5)
  2 worms (D:2)
  2 dart slugs
  8 leopard geckos
  19 orcs
  7 bats
  11 giant cockroaches
  8 hobgoblins
  15 jackals
  2 quokkas
  3 ball pythons
  6 frilled lizards
  15 goblins
  A jackal skeleton (D:8)
  A jackal zombie (D:7)
  7 kobolds
  A leopard gecko skeleton (D:4)
  4 rats
259 creatures vanquished.

Vanquished Creatures (others)
  2 two-headed ogres
  A komodo dragon (Lair:1)
  A quokka (D:9)
  A fungus (Lair:2)
5 creatures vanquished.

Grand Total: 264 creatures vanquished

Notes
Turn   | Place    | Note
-------+----------+-------------------------------------------
     0 | Abyss:1  | Borgoz the Gargoyle Abyssal Knight began the quest for the Orb.
     0 | Abyss:1  | Reached XP level 1. HP: 14/14 MP: 2/2
    14 | Abyss:1  | Found a corrupted altar of Lugonu.
    43 | Abyss:1  | Noticed a chaos spawn
    44 | D:1      | Escaped the Abyss
   145 | D:1      | Reached skill level 1 in Dodging
   209 | D:1      | Reached skill level 2 in Axes
   253 | D:1      | Reached XP level 2. HP: 19/19 MP: 3/3
   275 | D:1      | Reached * piety under Lugonu
   532 | D:1      | Reached XP level 3. HP: 20/23 MP: 4/4
   838 | D:2      | Found a sacrificial altar of Ru.
   995 | D:2      | Reached XP level 4. HP: 26/28 MP: 5/5
  1015 | D:2      | Reached ** piety under Lugonu
  1297 | D:2      | Found a shattered altar of Ashenzari.
  1304 | D:2      | Found a stormy altar of Qazlal.
  1385 | D:2      | Noticed Terence
  1397 | D:2      | Killed Terence
  1494 | D:2      | Reached XP level 5. HP: 33/33 MP: 6/6
  1582 | D:3      | Reached skill level 1 in Shields
  2192 | D:3      | Reached skill level 3 in Axes
  2866 | D:4      | Reached XP level 6. HP: 38/38 MP: 8/8
  3017 | D:4      | Found a deep blue altar of Sif Muna.
  3040 | D:4      | Noticed Duvessa
  3055 | D:4      | Noticed Dowan
  3057 | D:4      | Reached XP level 7. HP: 28/43 MP: 9/9
  3066 | D:4      | Killed Duvessa
  3069 | D:4      | Killed Dowan
  3342 | D:4      | Noticed Robin
  3350 | D:4      | Reached skill level 4 in Axes
  3356 | D:4      | Reached *** piety under Lugonu
  3362 | D:4      | Killed Robin
  3770 | D:4      | Noticed Grinder
  3789 | D:4      | Killed Grinder
  3789 | D:4      | Reached XP level 8. HP: 19/48 MP: 10/10
  4829 | D:5      | Entered Level 5 of the Dungeon
  5008 | D:5      | Found a snail-covered altar of Cheibriados.
  5184 | D:5      | Reached skill level 5 in Fighting
  5365 | D:5      | Reached skill level 5 in Axes
  5446 | D:6      | Reached **** piety under Lugonu
  5581 | D:5      | Reached XP level 9. HP: 17/54 MP: 5/12
  5962 | D:6      | Identified a scroll of acquirement
  6280 | D:6      | Found an opulent altar of Gozag.
  6412 | D:6      | Found a bloodstained altar of Trog.
  6412 | D:6      | Found a hide-covered altar of Uskayaw.
  6467 | D:7      | Found a staircase to the Ecumenical Temple.
  6486 | Temple   | Entered the Ecumenical Temple
  6624 | D:7      | Reached skill level 5 in Armour
  6653 | D:7      | Reached skill level 5 in Dodging
  6836 | D:7      | Reached skill level 5 in Invocations
  6912 | D:7      | Reached skill level 6 in Axes
  7403 | D:7      | Found Bomeha's Gadget Shop.
  7521 | D:7      | Found a runed door.
  7730 | D:7      | Found a radiant altar of Vehumet.
  7737 | D:7      | You fall through a shaft!
  7737 | D:8      | Found a staircase to the Lair.
  7737 | D:8      | Noticed an elephant
  7741 | D:8      | Found a shadowy altar of Dithmenos.
  7789 | D:9      | Found a sparkling altar of Nemelex Xobeh.
  7880 | D:8      | Noticed Maurice
  7900 | D:9      | Found Qayta's Distillery.
  7908 | D:9      | Bought a potion of might for 40 gold pieces
  7908 | D:9      | Bought a potion of haste for 100 gold pieces
  7912 | D:9      | Found Jelygg's Antique Weapon Shop.
  7926 | D:9      | Reached XP level 10. HP: 60/60 MP: 14/14
  7927 | D:9      | Found Kyruux's Antique Weapon Emporium.
  7978 | D:9      | Found a flagged portal.
  7987 | Bailey   | Entered a bailey
  7993 | Bailey   | Noticed a deep elf mage
  8002 | Bailey   | Noticed a smoke demon
  8005 | Bailey   | Killed a deep elf mage
  8280 | Bailey   | Noticed a deep elf mage
  8282 | Bailey   | Noticed a deep elf mage
  8282 | Bailey   | Noticed a deep elf mage
  8306 | Bailey   | Killed a deep elf mage
  8306 | Bailey   | Reached skill level 7 in Axes
  8307 | Bailey   | Noticed a rust devil
  8310 | Bailey   | Noticed a deep elf mage
  8327 | Bailey   | Killed a deep elf mage
  8329 | Bailey   | Killed a deep elf mage
  8333 | Bailey   | Killed a deep elf mage
  8336 | Bailey   | Noticed a deep elf mage
  8369 | Bailey   | Killed a deep elf mage
  8536 | Bailey   | Noticed a deep elf mage
  8536 | Bailey   | Noticed a deep elf mage
  8537 | Bailey   | Noticed a deep elf mage
  8566 | Bailey   | Killed a deep elf mage
  8584 | Bailey   | Killed a deep elf mage
  8584 | Bailey   | Reached skill level 8 in Axes
  8584 | Bailey   | Reached XP level 11. HP: 26/67 MP: 10/16
  8624 | Bailey   | Killed a deep elf mage
  8668 | Bailey   | Noticed a deep elf mage
  8698 | Bailey   | Killed a deep elf mage
  8973 | Bailey   | Noticed a deep elf archer
  9009 | Bailey   | Killed a deep elf archer
  9102 | D:9      | Found Zosoopt's Magic Scroll Emporium.
  9104 | D:9      | Noticed a two-headed ogre
  9106 | D:9      | Banished a two-headed ogre
  9195 | D:8      | Noticed Maurice
  9195 | D:8      | Maurice changed into Maurice the swamp drake
  9207 | D:8      | Killed Maurice the swamp drake
  9460 | D:7      | Noticed Crazy Yiuf
  9472 | D:7      | Killed Crazy Yiuf
  9534 | D:8      | Noticed a two-headed ogre
  9538 | D:8      | Banished a two-headed ogre
 10101 | Lair:1   | Entered Level 1 of the Lair of Beasts
 10715 | Lair:1   | Reached skill level 9 in Axes
 11557 | Lair:3   | Reached XP level 12. HP: 71/75 MP: 15/17
 11567 | Lair:3   | Reached ***** piety under Lugonu
 11627 | Lair:3   | Found a labyrinth entrance.
 11636 | Lab      | Entered a labyrinth
 12534 | Lab      | Noticed a minotaur
 12555 | Lab      | HP: 3/75 [minotaur/hand axe of chopping (2)]
 12555 | Lab      | Slain by a minotaur

Vault maps used:
D:1:      dpeg_arrival_fog
D:2:      grunt_temple_overflow_open, nicolae_ru_sacrificial_ziggurat,
          hex_medium, uniq_terence
D:4:      lemuel_round_altar, lightli_minifort, uniq_duvessa, uniq_grinder,
          uniq_robin
D:5:      lemuel_doored_altar, first_ration
D:6:      grunt_gozag_breadcrumbs, amethyst_overflow_temple_binary
D:7:      kennysheep_little_box, minmay_temple_entry_junction,
          kennysheep_windowed_goal, uniq_crazy_yiuf_cottage
D:8:      nicolae_overflow_hidden_temple, david_lair_generic, the_bakery,
          minivault_4, skrybe_limestone_x, uniq_maurice
D:9:      nemelex_xobeh_ov_fountains_minmay, elyvilon_altar_4, kennysheep_mini,
          serial_undead, serial_undead_e, serial_undead_a, serial_undead_b,
          serial_undead_b, serial_shops, nicolae_shop_behind_doors,
          nicolae_shop_stone, nicolae_shop_statue_plus, kennysheep_mini_moat,
          shop, enter_bailey_2
Temple:   kb_temple_of_zot
Lair:1:   infiniplex_staircase_pool_2, lemuel_fruit_tree
Lair:2:   st_stairs_12, minmay_hedge_maze, eino_small_chamber_without_monster,
          beast_lair_carwin_1
Lair:3:   lab_entry_generic, beast_lair_carwin_6
Lab:      labyrinth_mini_lab
Bailey:   bailey_polearm_3, bailey

Skill      XL: |  1  2  3  4  5  6  7  8  9 10 11 |
---------------+----------------------------------+-----
Dodging        | 1 2 3 4 5 7 8 |  8.5
Axes           | 2 3 4 5 6 8 9 |  9.4
Shields        | 1 2 3 4 |  4.6
Armour         | 3 4 5 6 8 |  8.1
Fighting       | 4 5 6 7 8 |  8.5
Invocations    | 3 4 5 6 7 |  7.9

Action                   |  1- 3 |  4- 6 |  7- 9 | 10-12 || total
-------------------------+-------+-------+-------+-------++-------
Melee: Hand axe          |    99 |   141 |   615 |   680 ||  1535
Invok: Depart the Abyss  |     1 |       |       |       ||     1
       Banish            |       |       |       |     4 ||     4
Evoke: Wand              |       |     6 |     3 |     8 ||    17
  Use: Scroll            |       |    11 |    18 |     6 ||    35
       Potion            |       |     1 |     4 |     7 ||    12
 Stab: Paralysed         |       |     9 |     5 |       ||    14
  Eat: Chunk             |       |     7 |    18 |    14 ||    39
       Ration            |       |       |     2 |     2 ||     4
Armor: Leather armour    |    29 |    54 |    14 |       ||    97
       Animal skin       |       |       |    47 |       ||    47
       Ring mail         |       |       |   184 |   330 ||   514
Dodge: Dodged            |    49 |   105 |   287 |   369 ||   810
Block: Buckler           |    26 |    43 |   215 |   251 ||   535

Table legend:
 A = Spawn XP
 B = Non-spawn XP
 C = Spawn XP percentage of total XP
 D = Spawn monster count
 E = Non-spawn monster count
 F = Spawn count percentage of total count
 G = Total turns spent on level
                    A         B        C        D         E        F      G
               +---------+---------+-------+---------+---------+-------+---------
         Total |       0 |   19620 |   0.0 |       0 |     262 |   0.0 | 12555
               +---------+---------+-------+---------+---------+-------+---------
           D:1 |       0 |      42 |   0.0 |       0 |      21 |   0.0 |   745
           D:2 |       0 |     165 |   0.0 |       0 |      28 |   0.0 |  1067
           D:3 |       0 |     104 |   0.0 |       0 |      18 |   0.0 |  1001
           D:4 |       0 |    1253 |   0.0 |       0 |      43 |   0.0 |  1972
           D:5 |       0 |     646 |   0.0 |       0 |      24 |   0.0 |   807
           D:6 |       0 |     473 |   0.0 |       0 |      16 |   0.0 |   827
           D:7 |       0 |    1340 |   0.0 |       0 |      35 |   0.0 |  1394
           D:8 |       0 |    2584 |   0.0 |       0 |      22 |   0.0 |   715
           D:9 |       0 |    1720 |   0.0 |       0 |      16 |   0.0 |   315
        Lair:1 |       0 |    1950 |   0.0 |       0 |      11 |   0.0 |  1166
        Lair:2 |       0 |    1717 |   0.0 |       0 |      10 |   0.0 |   228
        Lair:3 |       0 |    1297 |   0.0 |       0 |       7 |   0.0 |   141
        Bailey |       0 |    6329 |   0.0 |       0 |      11 |   0.0 |  1108
               +---------+---------+-------+---------+---------+-------+---------
